cohdb
Replays
Latest Replays
All Replays
Popular Replays
Top Player Replays
Match Explorer
How It Works
Community
CoH3 Stats
Reddit
Sign in to upload your games and track your stats! →
Sign in with Steam
Match 42357417
Unlisted
Match 42357417
Overview
Messages
Build Orders
End
Royal Engineer Section
Construct Section Command Post
Dingo Light Scout Car
Infantry Section
Infantry Section
Infantry Section
Grenade Package
Construct Platoon Command Post
Infantry Training
Humber Armored Car
Selects Indian Artillery Battlegroup
Selects War Cry
Selects Gurkha Rifles Section
Gurkha Rifles Section
Construct Field Infirmary
Construct Company Command Post
Selects Volunteer Infantry
Selects Artillery Saturation
6-pounder Anti-tank Gun Team
Infantry Section
Crusader II Medium Tank
Crusader II Medium Tank
Selects Off-map Airburst Barrage
Agua de Jamaica
FR
0
0
Comments
sign in to comment!
No comments posted yet!